Map: Tokamak LE

Players

Mixu

  • Race: Zerg Zerg
  • League: Master
  • Spawn Location: 1:00

Spirit (souL) - Winner!

  • Race: Terran Terran
  • League: Master
  • Spawn Location: 7:00

Event: HomeStory Cup XXVII

VOD

Have the link to the VOD?

Description

Time

  • Played on: June 27, 2025, 10:34 a.m.
  • Length: 14:12

All games in this series

Show
View Real Time Build Order
Export as new Build Order

Mixu Zerg 

Build Orders: Hatch First, Lurkers 

Get SALT Encoding   

  12  0:00  Drone  
  13  0:08  Drone  
  13  0:13  Extractor  
  13  0:15  Drone  
  15  0:21  Overlord  
  15  0:41  Drone  
  16  0:45  Hatchery  
  16  0:49  Drone  
  16  0:52  Drone  
  16  0:56  Drone  
  18  1:07  Extractor  
  17  1:12  Spawning Pool  
  17  1:14  Drone  
  17  1:18  Drone  
  18  1:27  Drone  
  19  1:37  Drone  
  20  1:49  Drone  
  21  1:58  Zergling x4  
  21  1:59  Queen x2  
  27  2:08  Overlord  
  27  2:09  Drone  
  27  2:11  Metabolic Boost  
  28  2:27  Drone x2  
  30  2:33  Drone  
  30  2:36  Hatchery  
  29  2:40  Drone  
  29  2:42  Overlord  
  30  2:45  Drone  
  31  2:53  Queen  
  31  2:55  Drone  
  31  2:58  Drone  
  35  3:07  Drone x4  
  35  3:10  Drone  
  40  3:13  Overlord  
  40  3:16  Drone  
  41  3:20  Extractor, Queen  
  43  3:31  Queen  
  43  3:32  Drone x2  
  47  3:40  Overlord  
  47  3:41  Drone x4  
  51  3:46  Zergling x2  
  52  3:50  Drone  
  52  3:53  Drone  
  52  3:55  Queen  
  54  3:56  Drone  
  54  3:59  Drone  
  54  4:01  Drone x3  
  61  4:04  Drone  
  61  4:07  Queen  
  64  4:11  Overlord  
  64  4:12  Drone x2  
  64  4:16  Lair  
  66  4:26  Baneling Nest  
  66  4:27  Drone, Extractor  
  66  4:29  Drone x2  
  66  4:31  Queen  
  67  4:32  Drone x3  
  67  4:35  Drone x2  
  67  4:37  Overlord  
  74  4:42  Hatchery  
  74  4:44  Drone  
  74  4:51  Evolution Chamber, Spore Crawler x2  
  74  4:52  Spore Crawler  
  69  4:53  Overlord  
  69  4:57  Drone x3  
  72  5:01  Zergling x6  
  72  5:04  Overlord  
  72  5:06  Zergling x4  
  75  5:09  Queen  
  75  5:13  Zergling x2, Spore Crawler  
  75  5:14  Zergling x2  
  73  5:21  Drone x6  
  73  5:23  Overseer  
  76  5:32  Drone x5  
  76  5:34  Centrifugal Hooks  
  79  5:36  Drone  
  79  5:39  Drone x3  
  79  5:40  Extractor  
  79  5:42  Drone x2  
  84  5:48  Zerg Ground Armor Level 1  
  84  5:49  Drone  
  85  5:50  Drone, Evolution Chamber, Extractor  
  85  5:51  Drone  
  85  5:54  Drone x3  
  88  6:03  Drone x3  
  91  6:12  Drone x3  
  91  6:15  Zerg Melee Weapons Level 1  
  91  6:16  Drone x3  
  95  6:19  Overlord  
  95  6:20  Drone x2  
  95  6:23  Drone  
  98  6:26  Hydralisk Den  
  98  6:28  Zergling x10  
  98  6:31  Zergling x2  
  98  6:32  Hatchery  
  102  6:34  Zergling x2  
  102  6:35  Overlord x2  
  102  6:39  Hatchery  
  102  6:41  Overlord x2  
  102  6:42  Zergling x2  
  102  6:45  Baneling  
  102  6:46  Zergling x8, Baneling x8  
  107  6:55  Zergling x14  
  107  7:00  Muscular Augments  
  114  7:01  Hydralisk  
  114  7:03  Overlord x2  
  114  7:04  Zergling x6  
  114  7:06  Baneling  
  114  7:07  Zergling x2  
  120  7:14  Zergling x10  
  125  7:16  Baneling x4  
  125  7:20  Hydralisk  
  125  7:22  Zergling x8  
  131  7:24  Extractor  
  131  7:25  Extractor  
  131  7:27  Drone x2  
  131  7:28  Zergling x8  
  135  7:32  Zergling x2  
  134  7:42  Zergling x20  
  136  7:46  Zergling x2  
  136  7:47  Baneling x10  
  136  7:48  Zergling x2  
  136  7:51  Queen x3  
  133  7:54  Zergling x12  
  133  7:57  Hydralisk  
  132  8:01  Zergling x4  
  132  8:09  Zergling x10  
  132  8:10  Hydralisk x3  
  129  8:14  Zergling x10  
  129  8:18  Zergling x6  
  137  8:20  Zergling x6  
  137  8:21  Baneling x7  
  137  8:25  Zergling x6  
  139  8:28  Extractor  
  139  8:29  Zergling x4  
  140  8:35  Zergling x2  
  140  8:36  Baneling x5  
  140  8:39  Zergling x18  
  150  8:44  Zergling x2  
  150  8:46  Zerg Ground Armor Level 2  
  144  8:50  Zergling x14, Infestation Pit  
  143  8:56  Zerg Melee Weapons Level 2  
  143  8:57  Zergling x4  
  143  8:58  Baneling  
  143  9:01  Zergling x12  
  138  9:14  Zergling x8  
  142  9:18  Hydralisk  
  142  9:22  Zergling x2, Baneling x14  
  142  9:23  Baneling  
  144  9:27  Zergling x2  
  145  9:35  Zergling x22  
  145  9:36  Hatchery  
  145  9:37  Drone  
  156  9:38  Overlord x7  
  156  9:45  Baneling x8  
  156  9:52  Hydralisk x3  
  153  9:55  Zergling x4  
  155  10:00  Zergling x24  
  155  10:04  Hydralisk x2  
  164  10:09  Zergling x4  
  164  10:15  Zergling x10  
  164  10:17  Hive  
  164  10:20  Zergling x18  
  164  10:25  Zergling x2  
  164  10:27  Hydralisk x2  
  148  10:30  Hydralisk x3  
  148  10:34  Zergling x2  
  149  10:38  Hydralisk x2  
  149  10:43  Zergling x12  
  149  10:47  Baneling x12  
  155  10:51  Zergling x8  
  155  10:53  Zergling x4  
  161  10:58  Zergling x10  
  161  11:03  Zergling x10  
  171  11:06  Zergling x4  
  171  11:09  Zergling x6  
  171  11:11  Lurker Den, Baneling  
  176  11:14  Zergling x4  
  176  11:16  Zergling x4  
  179  11:25  Zergling x16  
  178  11:28  Hydralisk x2  
  178  11:30  Hydralisk  
  183  11:39  Zergling x14  
  169  11:41  Zergling x4  
  169  11:45  Zergling x8  
  153  11:50  Zergling x6  
  153  11:51  Zergling x2  
  144  11:55  Zergling x6  
  144  12:00  Zergling x8  
  148  12:05  Hydralisk x2  
  152  12:11  Lurker  
  152  12:12  Lurker x3  
  156  12:18  Seismic Spines, Lurker  
  156  12:19  Lurker x4  
  161  12:25  Lurker  
  161  12:26  Zergling x10  
  167  12:30  Hydralisk x2  
  164  12:48  Hydralisk x8  
  180  12:54  Zergling x12  
  157  13:01  Zergling x14  
  152  13:06  Hydralisk x3  
  152  13:10  Zergling x2  
  138  13:14  Hydralisk x2  
  138  13:15  Hydralisk  
  128  13:20  Zergling x8  
  128  13:23  Queen  
  128  13:25  Hydralisk  
  125  13:28  Hydralisk  
  125  13:31  Zergling x2  
  128  13:36  Infestor  
  128  13:37  Zergling x10  
  127  13:42  Hydralisk  
  118  13:52  Zergling x14  
Show
View Real Time Build Order
Export as new Build Order

Spirit Terran - Winner!

Build Orders: Reaper Expand, Hellion Banshee 

Get SALT Encoding   

  12  0:00  SCV  
  13  0:12  SCV  
  14  0:18  Supply Depot  
  14  0:24  SCV  
  15  0:39  SCV  
  15  0:41  Barracks  
  16  0:45  Refinery  
  16  0:51  SCV  
  17  1:04  SCV  
  18  1:16  SCV  
  19  1:28  Orbital Command, Reaper  
  20  1:39  Command Center  
  20  1:48  Supply Depot  
  21  1:54  SCV  
  21  2:00  Marine  
  22  2:06  SCV  
  23  2:13  Factory  
  23  2:21  SCV  
  23  2:22  Barracks Reactor  
  24  2:35  SCV  
  25  2:40  Command Center  
  25  2:48  SCV  
  26  2:51  Orbital Command  
  26  2:59  Starport  
  26  3:00  SCV  
  26  3:04  Refinery  
  26  3:05  Hellion  
  28  3:11  Hellion  
  28  3:12  Barracks Tech Lab  
  30  3:16  SCV  
  30  3:17  SCV  
  32  3:28  SCV  
  32  3:29  SCV  
  32  3:32  Hellion  
  32  3:33  Hellion  
  38  3:40  Cloaking Field, SCV  
  39  3:41  SCV  
  40  3:52  Orbital Command  
  40  3:53  Hellion  
  40  3:54  Hellion  
  44  3:56  Banshee  
  44  3:58  SCV  
  44  4:00  SCV  
  49  4:03  Barracks Tech Lab  
  49  4:08  Supply Depot  
  49  4:10  SCV  
  49  4:12  Armory  
  49  4:13  SCV  
  51  4:17  Hellion  
  51  4:20  Hellion  
  51  4:21  SCV  
  51  4:22  SCV  
  57  4:25  SCV  
  57  4:27  Stimpack  
  57  4:29  Marine  
  59  4:33  SCV  
  59  4:34  Supply Depot, SCV  
  59  4:37  SCV  
  62  4:47  Banshee  
  62  4:48  Barracks  
  62  4:49  SCV  
  62  4:50  Barracks  
  66  4:53  SCV  
  66  4:56  Factory Reactor  
  66  4:57  Engineering Bay  
  67  5:01  Engineering Bay  
  67  5:07  SCV  
  67  5:08  SCV  
  67  5:09  Refinery x2  
  67  5:10  Marine  
  66  5:16  SCV  
  66  5:19  SCV  
  66  5:23  SCV  
  66  5:27  Hellion x4  
  66  5:28  SCV  
  68  5:29  Barracks  
  68  5:30  Barracks  
  68  5:31  SCV  
  68  5:35  Terran Infantry Weapons Level 1  
  67  5:36  Orbital Command  
  67  5:39  Supply Depot  
  67  5:41  Starport Reactor  
  67  5:42  Marine x2  
  69  5:44  SCV  
  69  5:45  Terran Infantry Armor Level 1, SCV  
  69  5:49  Supply Depot  
  71  5:50  Marine  
  71  5:51  Marine x2  
  71  5:54  Siege Tank  
  77  6:01  Marine x2, SCV x3  
  82  6:07  Marine  
  82  6:09  Supply Depot, Marine  
  82  6:10  Combat Shield  
  84  6:12  Marine  
  84  6:13  SCV x3  
  88  6:19  Marine x2  
  88  6:24  Barracks Reactor x2  
  88  6:25  Marine, SCV x2  
  92  6:29  Bunker  
  92  6:30  Supply Depot, Marine  
  92  6:31  SCV  
  95  6:33  Supply Depot  
  95  6:34  Medivac x2  
  95  6:37  SCV x2  
  95  6:38  Marine x2  
  95  6:39  Marine  
  104  6:43  Refinery, Marine, SCV  
  106  6:48  Siege Tank  
  106  6:51  Marine  
  106  6:52  SCV x2  
  106  6:53  Factory  
  112  6:55  SCV  
  112  6:56  Marine x2  
  112  6:58  Marine  
  112  6:59  Supply Depot  
  112  7:00  Supply Depot  
  116  7:01  Marine  
  116  7:02  Marine x4  
  116  7:04  SCV  
  122  7:09  Marine, SCV  
  122  7:14  Marine  
  125  7:21  Marine x4, Siege Tank, SCV  
  133  7:23  Supply Depot  
  133  7:25  Supply Depot  
  133  7:29  Supply Depot, Marine x4  
  136  7:32  Terran Infantry Weapons Level 2, Marine  
  138  7:39  Marine x4  
  138  7:40  Terran Infantry Armor Level 2  
  136  7:48  Marine  
  136  7:49  Marine  
  136  7:50  Marine  
  139  7:52  Supply Depot, Marine x2  
  139  7:56  Marine x3  
  139  7:57  Marine  
  142  8:06  Marine  
  142  8:07  Marine  
  142  8:08  Marine  
  142  8:09  Command Center  
  142  8:10  Marine  
  142  8:11  Factory Tech Lab, Siege Tank  
  123  8:13  Marine  
  123  8:14  Marine  
  123  8:16  Marine  
  123  8:19  Terran Vehicle Weapons Level 1  
  123  8:20  Marine  
  123  8:24  Marine x3  
  123  8:26  Marine  
  127  8:27  Medivac  
  127  8:33  Marine x3, Siege Tank  
  135  8:34  Marine  
  135  8:38  Marine  
  137  8:41  Marine  
  137  8:42  Marine  
  137  8:43  Siege Tank  
  137  8:44  Supply Depot  
  137  8:46  Marine x2  
  142  8:51  Marine x2  
  142  8:53  Marine  
  142  8:56  Medivac  
  142  8:57  Medivac  
  142  8:58  Marine  
  146  9:05  Siege Tank  
  146  9:07  Marine x3  
  146  9:09  Marine x4  
  142  9:15  Marine, Siege Tank  
  146  9:17  Barracks  
  146  9:19  Barracks  
  146  9:21  Marine  
  146  9:22  Barracks  
  147  9:24  SCV x2  
  147  9:26  Marine  
  147  9:27  Refinery  
  147  9:29  Marine, SCV  
  152  9:36  SCV  
  152  9:37  Siege Tank, SCV  
  152  9:38  Marauder, Marine  
  160  9:39  Concussive Shells  
  160  9:41  Sensor Tower, SCV  
  158  9:46  Medivac x2  
  158  9:47  Siege Tank  
  158  9:48  SCV  
  158  9:49  SCV  
  166  9:58  Planetary Fortress  
  166  9:59  Marine  
  159  10:07  Barracks Tech Lab x2  
  159  10:11  Refinery x2, Armory  
  159  10:12  Ghost Academy  
  159  10:13  Siege Tank  
  162  10:16  Medivac  
  162  10:18  SCV  
  162  10:26  Marauder, Marine  
  150  10:29  SCV  
  150  10:30  Siege Tank  
  154  10:40  Terran Infantry Weapons Level 3  
  154  10:41  Marine  
  154  10:42  Marauder x2  
  157  10:43  Barracks Tech Lab  
  157  10:45  Siege Tank  
  157  10:48  Marauder  
  162  10:52  Command Center  
  162  10:53  SCV x3  
  162  10:54  Terran Infantry Armor Level 3  
  162  10:57  Marine  
  165  11:00  Marine x4  
  165  11:03  Marauder x2  
  170  11:09  Marauder  
  172  11:12  Marauder, Marine x2  
  172  11:14  Personal Cloaking  
  172  11:17  Terran Vehicle And Ship Armor Level 1  
  176  11:23  Supply Depot  
  176  11:25  Marauder  
  169  11:32  Marauder, Marine  
  169  11:35  Marauder, Marine  
  169  11:38  Marauder  
  169  11:39  Marine x2, Siege Tank  
  164  11:41  Siege Tank  
  142  11:59  Ghost x3  
  139  12:03  Ghost, Marine  
  139  12:06  Marine  
  139  12:10  Command Center  
  139  12:11  Siege Tank, SCV x2  
  141  12:20  Siege Tank  
  144  12:23  SCV x2  
  144  12:28  Marauder  
  148  12:35  Marine, SCV  
  148  12:36  Sensor Tower  
  150  12:38  Sensor Tower, Marine, Orbital Command  
  150  12:43  Siege Tank  
  154  12:52  Siege Tank  
  154  12:54  Marine  
  153  12:59  Marauder, Marine  
  153  13:01  Marauder, Marine x2  
  153  13:02  Marine  
  138  13:27  Marine x2  
  138  13:28  Marauder  
  138  13:38  Supply Depot x3  
  138  13:43  Marine  
  138  13:45  SCV  
  138  13:48  SCV  
  138  13:50  SCV  
  136  13:58  SCV  
  136  14:00  SCV  
Tags
 
Add a new tag
Caveats
  • Supply blocks, unpowered buildings, or Contaminate may cause inaccurate times.
  • Supply counts are checked every 10 seconds.